 Dungeon Crawl Stone Soup version 0.30-a0-135-g630cfc4551 (webtiles) character file.

Game seed: 183813640432638317

134 ragingrage the Shooter (level 5, -6/39 HPs)
             Began as a Barachi Hunter on Sept 20, 2022.
             Killed from afar by a white imp (7 damage)
             ... with a puff of frost
             ... on level 3 of the Dungeon.
             The game lasted 00:02:58 (2298 turns).

ragingrage the Shooter (Barachi Hunter)             Turns: 2298, Time: 00:02:59

Health: -6/39      AC:  5    Str: 12    XL:     5   Next: 17%
Magic:  0/5        EV: 12    Int: 10    God:
Gold:   132        SH:  0    Dex: 17    Spells: 4/4 levels left

rFire   . . .      SeeInvis .    a - +0 shortbow
rCold   . . .      Faith    .    (shield currently unavailable)
rNeg    . . .      Spirit   +    c - +0 leather armour
rPois   .          Reflect  .    o - +0 helmet
rElec   .          Harm     .    (no cloak)
rCorr   .          Rampage  .    r - +0 pair of gloves
Will    .....                    (no boots)
Stlth   ++........               i - amulet of guardian spirit
HPRegen 0.13/turn                (no ring)
MPRegen 0.09/turn                (no ring)

@: unable to hop, invisible, slow
A: amphibious, slowness 1, strong legs 1, +LOS
a: Hop


You were on level 3 of the Dungeon.
You visited 1 branch of the dungeon, and saw 3 of its levels.

You collected 132 gold pieces.

Inventory:

Hand Weapons
 a - a +0 shortbow (weapon)
Missiles
 d - 4 poisoned darts
Armour
 c - a +0 leather armour (worn)
 o - a +0 helmet (worn)
 r - a +0 pair of gloves (worn)
Jewellery
 i - an amulet of guardian spirit (around neck)
Wands
 n - a wand of roots (1)
Scrolls
 b - a scroll of immolation
 e - a scroll of vulnerability {unknown}
 f - a scroll of butterflies {unknown}
 h - 2 scrolls of identify {unknown}
 k - a scroll of amnesia {unknown}
 m - a scroll of noise {unknown}
 p - 3 scrolls of fear {unknown}
Potions
 g - a potion of magic {unknown}
 j - a potion of haste {unknown}
 l - a potion of invisibility
 q - a potion of curing {unknown}
 s - a potion of flight {unknown}


   Skills:
 - Level 2.4 Fighting
 + Level 6.3 Ranged Weapons
 - Level 2.1 Dodging
 - Level 0.8 Stealth


You had 4 spell levels left.
You didn't know any spells.
Your spell library was empty.

Dungeon Overview and Level Annotations

Branches:
Dungeon (3/15)

Altars:
Wu Jian

Shops:
D:3 ?

Portals:
Sewer: D:3

Annotations:
D:2 1 runed translucent door, Crazy Yiuf


Innate Abilities, Weirdness & Mutations

You are amphibious.
You cover ground slowly.
You can hop short distances.
You have an extended range of vision and can be seen from far away.


Message History

You feel sick. The white imp spits at you. The white imp gestures at you.
The puff of frost misses you.
Fire: a) +0 shortbow
Press: ? - help, Q - select action, (/) - cycle Shift-Dir - straight line, f/p - white imp
Aim: a white imp (unable to see you, 64% to hit)
You shoot an arrow. The arrow barely misses the white imp.
You feel sick.
You are no longer poisoned.
The white imp gestures at you. The puff of frost hits you!
* * * LOW HITPOINT WARNING * * *
Fire: a) +0 shortbow
Press: ? - help, Q - select action, (/) - cycle Shift-Dir - straight line, f/p - white imp
Aim: a white imp (unable to see you, 64% to hit)
You shoot an arrow. The arrow hits the white imp!
The white imp is almost dead.
Fire: a) +0 shortbow
Press: ? - help, Q - select action, (/) - cycle Shift-Dir - straight line, f/p - white imp
Aim: a white imp (almost dead, unable to see you, 64% to hit)
You shoot an arrow.
The arrow hits the white imp but does no damage.
The white imp is almost dead.
The white imp gestures at you. The puff of frost hits you!
* * * LOW HITPOINT WARNING * * *
Fire: a) +0 shortbow
Press: ? - help, Q - select action, (/) - cycle Shift-Dir - straight line, f/p - white imp
Aim: a white imp (almost dead, unable to see you, 64% to hit)
You shoot an arrow. The arrow barely misses the white imp.
The white imp closely misses you.
Fire: a) +0 shortbow
Press: ? - help, Q - select action, (/) - cycle Shift-Dir - straight line, f/p - white imp
Aim: a white imp (severely wounded, unable to see you, 64% to hit)
You shoot an arrow. The arrow hits the white imp.
The white imp is almost dead.
The white imp gestures at you. The puff of frost hits you!
You die...

##. .## #.#.## . . ##.#...
##...### ##.###.## #.# #.## #.#
#.. #.# .# #h# #.## #.# #∩#
########### ##.###.# #
#.#####.###..5@.....# ##...#
#.#h#...#.....#######.######.####
#.#.....#.###.#~~~~~#............
#.........###.'~~∩~~#.#.####.####
#<..........#~~~~~#...# #.....
####.##.##..#######.######.####
#........†........#
#.##..#)#########.# #. #....# #.#


You could see a white imp (unable to see you).

Vanquished Creatures
  Robin (D:2)
  2 adders (D:3)
  2 worms (D:2)
  12 dart slugs
  An orc (D:3)
  4 ball pythons
  3 bats
  6 endoplasms
  2 giant cockroaches
  6 hobgoblins
  10 jackals
  2 quokkas (D:1)
  11 goblins
  3 kobolds
  4 rats
69 creatures vanquished.

Vanquished Creatures (others)
  A giant cockroach (D:3)
1 creature vanquished.

Grand Total: 70 creatures vanquished

Notes
Turn   | Place    | Note
-------+----------+-------------------------------------------
     0 | D:1      | ragingrage the Barachi Hunter began the quest for the Orb.
     0 | D:1      | Reached XP level 1. HP: 17/17 MP: 1/1
   210 | D:1      | Reached XP level 2. HP: 23/23 MP: 2/2
   452 | D:1      | Found a faded altar of an unknown god.
   588 | D:1      | Reached XP level 3. HP: 28/28 MP: 3/3
   845 | D:1      | Reached skill level 5 in Ranged Weapons
  1108 | D:2      | Noticed Robin
  1262 | D:2      | Killed Robin
  1409 | D:2      | Reached XP level 4. HP: 34/34 MP: 4/4
  1711 | D:2      | Found a runed translucent door.
  1712 | D:2      | Noticed Crazy Yiuf
  1738 | D:2      | Found an ornate altar of the Wu Jian Council.
  2059 | D:3      | Found Jomawag's Magic Scroll Boutique.
  2121 | D:3      | Reached skill level 6 in Ranged Weapons
  2254 | D:3      | Found a glowing drain.
  2265 | D:3      | Reached XP level 5. HP: 39/39 MP: 5/5
  2296 | D:3      | HP: 1/39 [white imp/puff of frost (10)]
  2298 | D:3      | Killed from afar by a white imp

Illustrated notes

Levels and vault maps discovered:
D:1:      tarquinn_simple_flora_water_c, layout_loops_corners,
          chequers_ecumenical_altar_simple_redux
D:2:      layout_loops_ring, basic_altar, chequers_serial_rivers_micro_b,
          minmay_diced_spiral, uniq_robin, uniq_crazy_yiuf_cottage
D:3:      kennysheep_slugbush, layout_loops_ring, serial_shops, shop,
          gup_sewer_entry_glass, minmay_starry_boxes

Skill      XL: |  1  2  3  4 |
---------------+-------------+-----
Ranged Weapons | 5 6 |  6.3
Fighting       | |  2.4
Dodging        | |  2.1
Stealth        | |  0.8

Action                   |  1- 3 |  4- 6 || total
-------------------------+-------+-------++-------
 Fire: Shortbow          |    97 |   101 ||   198
 Abil: Hop               |     1 |     1 ||     2
  Use: Potion            |       |     1 ||     1
Armor: Leather armour    |    12 |    14 ||    26
Dodge: Dodged            |    20 |    32 ||    52

Table legend: (Time is in decaauts)
 A = Elapsed time spent in this place.
 B = Non-inter-level travel time spent in this place.
 C = Inter-level travel time spent in this place.
 D = Time resting spent in this place.
 E = Time spent auto-exploring this place.
 F = Levels seen in this place.
 G = Mean time per level.
                   A        B        C        D        E       F      G
               +--------+--------+--------+--------+--------+-----+--------+
         Total |   2676 |   2549 |    127 |    150 |   1841 |   3 |  892.0 |
       Dungeon |   2676 |   2549 |    127 |    150 |   1841 |   3 |  892.0 |
               +--------+--------+--------+--------+--------+-----+--------+

Top non-repeatable levels by time:
     D:2: 1244 daAuts
     D:1: 1195 daAuts
     D:3: 236 daAuts
